 Dungeon Crawl Stone Soup version 0.29.1-15-g9cfb28693d (webtiles) character file.

Game seed: 13215122716821364806

679 drjones the Carver (level 7, -15/50 HPs)
             Began as a Merfolk Gladiator on Apr 9, 2023.
             Was a Follower of Okawaru.
             Demolished by an orc warrior
             ... wielding a +0 dire flail
              (20 damage)
             ... on level 6 of the Dungeon.
             The game lasted 00:20:57 (4748 turns).

drjones the Carver (Merfolk Gladiator)              Turns: 4748, Time: 00:20:57

Health: -15/50     AC: 10    Str: 14    XL:     7   Next: 60%
Magic:  6/8        EV: 20    Int:  7    God:    Okawaru [*.....]
Gold:   252        SH:  6    Dex: 18    Spells: 6/6 levels left

rFire   . . .      SeeInvis .   a - +2 long sword
rCold   . . .      Faith    .   x - +0 buckler
rNeg    + . .      Spirit   .   b - +0 leather armour
rPois   .          Reflect  .   c - +2 helmet
rElec   .          Harm     .   (no cloak)
rCorr   .          Rampage  .   (no gloves)
Will    .....                   k - +2 pair of boots
Stlth   +++.......              (no amulet)
HPRegen 0.16/turn               C - +4 ring of evasion
MPRegen 0.11/turn               B - ring of positive energy

@: heroic
A: (nimble swimmer 2), mertail
a: Renounce Religion, Heroism


You were on level 6 of the Dungeon.
You worshipped Okawaru.
Okawaru was aware of your devotion.
You visited 2 branches of the dungeon, and saw 7 of its levels.
You also visited: Ossuary.

You collected 252 gold pieces.

Inventory:

Hand Weapons
 a - a +2 long sword (weapon)
Missiles
 e - a javelin (quivered)
 w - 6 poisoned darts
Armour
 b - a +0 leather armour (worn)
 c - a +2 helmet (worn)
 k - a +2 pair of boots (worn)
 u - a +0 chain mail
 v - a +0 ring mail
 x - a +0 buckler (worn)
Jewellery
 f - a ring of ice
 j - a ring of positive energy
 y - a +6 ring of strength
 B - a ring of positive energy (right hand)
 C - a +4 ring of evasion (left hand)
Wands
 g - a wand of flame (29)
Scrolls
 d - a scroll of fog {unknown}
 h - 2 scrolls of summoning
 i - 2 scrolls of teleportation
 l - a scroll of enchant armour
 m - a scroll of magic mapping
 p - a scroll of amnesia
 r - a scroll of blinking {unknown}
 A - a scroll of vulnerability
Potions
 n - a potion of brilliance {unknown}
 q - 2 potions of ambrosia
 s - a potion of haste {unknown}
 t - a potion of heal wounds {unknown}
 z - a potion of might {unknown}
 D - a potion of degeneration {unknown}


   Skills:
 - Level 2.1(7.1) Fighting
 + Level 10.0(15.0) Long Blades
 - Level 2.0(7.0) Throwing
 - Level 4.0(9.0) Dodging
 - Level 2.1 Invocations


You had 6 spell levels left.
You didn't know any spells.
Your spell library contained the following spells:

 Spells                   Type           Power      Damage    Failure   Level
 Shock                    Conj/Air       0%         1d3       58%         1
 Swiftness                Air            0%         N/A       91%         3
 Airstrike                Air            0%         2d(0-16)  100%        4


Dungeon Overview and Level Annotations

Branches:
Dungeon (6/15)             Temple (1/1) D:5         Ossuary (visited)

Altars:
Fedhas
Gozag
Hepliaklqana
Okawaru
Ru
Vehumet
Wu Jian
Zin
The Shining One

Shops:
D:4 **


Innate Abilities, Weirdness & Mutations

((You are very nimble when in or above water. (Stealth+, EV+, Speed+++)))
Your lower body shifts to a powerful aquatic tail in water.


Message History

You hit the hound.
The hound is lightly wounded.
The hound misses you.
You hit the hound.
The hound is moderately wounded.
The hound closely misses you.
An orc comes into view. It is wielding a +0 flail.
The hound bites you.
You closely miss the hound.
The hound is moderately wounded.
The hound barely misses you.
You slash the hound!
You kill the hound!
Okawaru accepts your kill.
Your Long Blades skill increases to level 10!
You hit the orc warrior.
The orc warrior is lightly wounded.
The orc warrior misses you.
You hit the orc warrior but do no damage.
The orc warrior is lightly wounded.
The orc warrior closely misses you.
You hit the orc warrior.
The orc warrior is moderately wounded.
The orc warrior misses you.
You closely miss the orc warrior.
The orc warrior is moderately wounded.
The orc warrior hits you with a +0 dire flail!
You barely miss the orc warrior.
The orc warrior is moderately wounded.
The orc warrior hits you with a +0 dire flail!!
You gain the combat prowess of a mighty hero.
The orc warrior barely misses you.
You barely miss the orc warrior.
The orc warrior is moderately wounded.
The orc warrior hits you with a +0 dire flail!!
* * * LOW HITPOINT WARNING * * *
You closely miss the orc warrior.
The orc warrior is moderately wounded.
The orc warrior hits you with a +0 dire flail!!
You die...

.....................
#.##..#.##..#.##....#
##.#..##.#..##.#.....
...##....##....#####
##.#..##.#..##.#
#.##..#.##..#.##..
#....##....##....##
#..#.##..#.##. ##. #
## #@.##. . .
#...o##....## ##
#..##. .##.# .. #. #
.. .. ##


You could see an orc warrior.

Vanquished Creatures
  2 black bears
  A bullfrog (D:4)
  A scorpion (D:5)
  A jelly (D:5)
  A gnoll bouda (D:5)
  4 hounds
  An iguana (D:4)
  A mummy (D:5)
  2 adders
  8 gnolls
  A worm (D:1)
  4 dart slugs
  2 orcs
  3 ball pythons
  10 bats
  2 endoplasms
  2 giant cockroaches (D:2)
  4 hobgoblins
  4 jackals (D:1)
  4 quokkas
  6 frilled lizards
  6 goblins
  2 kobolds
  6 rats
78 creatures vanquished.

Vanquished Creatures (others)
  A fungus (D:2)
1 creature vanquished.

Grand Total: 79 creatures vanquished

Notes
Turn   | Place    | Note
-------+----------+-------------------------------------------
     0 | D:1      | drjones the Merfolk Gladiator began the quest for the Orb.
     0 | D:1      | Reached XP level 1. HP: 16/16 MP: 1/1
   126 | D:1      | Reached skill level 4 in Long Blades
   306 | D:1      | Reached XP level 2. HP: 22/22 MP: 2/2
   504 | D:1      | Reached XP level 3. HP: 27/27 MP: 3/3
   520 | D:1      | Reached skill level 5 in Long Blades
  1320 | D:2      | Found an opulent altar of Gozag.
  1671 | D:2      | Reached XP level 4. HP: 33/33 MP: 4/4
  1673 | D:2      | Found a faded altar of an unknown god.
  2199 | D:3      | Found an iron altar of Okawaru.
  2199 | D:3      | Found a sacrificial altar of Ru.
  2200 | D:3      | Found a glowing silver altar of Zin.
  2206 | D:3      | Became a worshipper of Warmaster Okawaru
  2256 | D:3      | Reached skill level 6 in Long Blades
  2364 | D:4      | Found Kam Kiu's Neck Hole.
  2379 | D:4      | Noticed a bullfrog
  2422 | D:4      | Noticed a kobold brigand
  2587 | D:4      | Killed a bullfrog
  2588 | D:4      | Reached skill level 7 in Long Blades
  2588 | D:4      | Reached XP level 5. HP: 23/38 MP: 5/5
  2843 | D:4      | Found Yladug's General Store.
  2889 | D:4      | Noticed an ogre
  2911 | D:5      | Entered Level 5 of the Dungeon
  2938 | D:5      | Noticed a black bear
  2953 | D:5      | Found a sand-covered staircase.
  2970 | Ossuary  | Entered an ossuary
  3256 | D:5      | Found a staircase to the Ecumenical Temple.
  3297 | Temple   | Entered the Ecumenical Temple
  3434 | Temple   | Killed a black bear
  3435 | Temple   | Reached skill level 8 in Long Blades
  3435 | Temple   | Reached XP level 6. HP: 20/44 MP: 6/6
  4151 | D:5      | Reached skill level 9 in Long Blades
  4259 | D:5      | Reached * piety under Okawaru
  4260 | D:5      | Reached XP level 7. HP: 50/50 MP: 7/7
  4370 | D:5      | Reached skill level 1 in Invocations
  4481 | D:5      | Found a radiant altar of Vehumet.
  4741 | D:6      | Reached skill level 10 in Long Blades
  4748 | D:6      | Demolished by an orc warrior

Illustrated notes

Levels and vault maps discovered:
D:1:      dpeg_arrival_oval, layout_basic, nicolae_wormholes
D:2:      layout_loops_ring, shapermc_ecumenical_altar_acropolis, basic_altar
D:3:      layout_rooms, gammafunk_temple_overflow_claw
D:4:      layout_basic, gammafunk_ghost_cemetery, serial_shops,
          nicolae_shop_stone, kennysheep_mini_moat, shop,
          nicolae_shop_hallway_stairs, nicolae_shop_sticking_my_neck_out
D:5:      layout_cave_pools, mainiacjoe_overflow_alcove_4,
          minmay_temple_entry_mist, gup_ossuary_entry_pyramid
D:6:      layout_loops_cross, slow_altar_2,
          nzn_overflow_gifts_of_might_and_magic, grunt_ministairs_1,
          nicolae_eternal_life
Temple:   nicolae_temple_ecumenical_triangle

Skill      XL: |  1  2  3  4  5  6  7 |
---------------+----------------------+-----
Long Blades    | 4 5 7 8 9 10 | 10.0
Invocations    | 2 |  2.1
Fighting       | |  2.1
Throwing       | |  2.0
Dodging        | |  4.0

Action                   |  1- 3 |  4- 6 |  7- 9 || total
-------------------------+-------+-------+-------++-------
Melee: Long sword        |    85 |   136 |    33 ||   254
       Tailslap          |       |     1 |       ||     1
Throw: Throwing net      |       |     2 |     2 ||     4
       Dart              |       |     2 |       ||     2
Invok: Heroism           |       |       |     1 ||     1
  Use: Potion            |       |     5 |       ||     5
       Scroll            |       |    14 |       ||    14
 Stab: Sleeping          |     3 |     2 |       ||     5
       Held in net/web   |       |       |     3 ||     3
Armor: Leather armour    |    16 |    38 |     3 ||    57
Dodge: Dodged            |    53 |   156 |    15 ||   224
Block: Buckler           |       |    29 |     5 ||    34
